 Dungeon Crawl Stone Soup version 0.23-a0-189-gc87c613 (webtiles) character file.

14277 Felrender the Fencer (level 11, -4/95 HPs)
             Began as a Minotaur Fighter on Sept 24, 2018.
             Was an Elder of Okawaru.
             Slain by an orc warrior
             ... wielding a +0 glaive
              (5 damage)
             ... on level 2 of the Orcish Mines.
             The game lasted 00:25:26 (10616 turns).

Felrender the Fencer (Minotaur Fighter)            Turns: 10616, Time: 00:25:26

Health: -4/95      AC: 27    Str: 30    XL:     11   Next: 86%
Magic:  8/10       EV: 12    Int:  9    God:    Okawaru [****..]
Gold:   1109       SH: 18    Dex:  9    Spells: 10/10 levels left

rFire    + . .     SeeInvis +   y - +3 double sword (elec)
rCold    . . .     Gourm    .   c - +0 shield
rNeg     . . .     Faith    .   H - +8 chain mail "Hohief" {rElec rPois Int+2}
rPois    +         Spirit   .   g - +2 hat "Toic" {rElec}
rElec    +         Reflect  +   s - +1 cloak (curse)
rCorr    .         Harm     .   (no gloves)
MR       +....                  (no boots)
Stlth    ..........             C - +4 amulet of reflection
HPRegen  0.25/turn              q - ring of see invisible
MPRegen  0.12/turn              o - ring of protection from magic

@: mighty, heroism
A: retaliatory headbutt, horns 2, molten scales 1, blink, clever 1, fire
resistance 1
a: Blink, Heroism, Renounce Religion


You were on level 2 of the Orcish Mines.
You worshipped Okawaru.
Okawaru was greatly pleased with you.
You were not hungry.

You visited 3 branches of the dungeon, and saw 13 of its levels.

You collected 1109 gold pieces.

Inventory:

Hand Weapons
 a - a +2 long sword
 m - a +2 dagger of pain
 y - a +3 double sword of electrocution (weapon)
 G - a cursed +1 scimitar
Missiles
 t - 2 tomahawks of returning (quivered)
Armour
 c - a +0 shield (worn)
 g - the +2 hat "Toic" (worn) {rElec}
   (You found it on level 4 of the Dungeon)

   It insulates you from electricity.
 i - a +2 plate armour
 s - a cursed +1 cloak (worn)
 E - the +1 ring mail of Alis Damp {+Blink rC- MR+}
   (You found it on level 8 of the Dungeon)

   It makes you vulnerable to cold.
   It affects your resistance to hostile enchantments.
   It lets you blink.
 H - the +8 chain mail "Hohief" (worn) {rElec rPois Int+2}
   (You found it on level 9 of the Dungeon)

   It affects your intelligence (+2).
   It insulates you from electricity.
   It protects you from poison.
 L - +0 fire dragon scales
Magical Staves
 F - an uncursed staff of death {unknown}
Jewellery
 e - an uncursed amulet of guardian spirit
 o - a ring of protection from magic (right hand)
 q - a ring of see invisible (left hand)
 C - a +4 amulet of reflection (around neck)
 J - a +3 amulet of reflection
Wands
 z - a wand of enslavement (8)
 M - a wand of flame (40)
 N - a wand of disintegration (7)
Scrolls
 k - 5 scrolls of teleportation
 p - 4 scrolls of remove curse
 A - a scroll of fear
 B - a scroll of amnesia
 I - a scroll of fog
Potions
 b - 2 potions of flight
 h - 2 potions of agility
 l - 3 potions of brilliance
 n - a potion of berserk rage {unknown}
 u - a potion of haste {unknown}
 x - 2 potions of magic
 K - 2 potions of degeneration {unknown}
Comestibles
 f - 21 rations
 j - 4 chunks of flesh


   Skills:
 + Level 8.5(13.5) Fighting
 * Level 16.5(21.5) Long Blades
 + Level 8.7(13.7) Armour
 + Level 2.2(7.2) Dodging
 + Level 0.6(5.6) Stealth
 + Level 10.5(15.5) Shields
 + Level 0.3 Invocations


You had 10 spell levels left.
You didn't know any spells.
Your spell library contained the following spells:

 Spells                   Type           Power        Failure   Level  Hunger
 Animate Skeleton         Necr           N/A          80%         1    ##.....
 Apportation              Tloc           #.....       80%         1    ##.....
 Confusing Touch          Hex            #.....       80%         1    ##.....
 Corona                   Hex            #......      80%         1    ##.....
 Magic Dart               Conj           #...         80%         1    ##.....
 Summon Small Mammal      Summ           #...         80%         1    ##.....
 Ensorcelled Hibernation  Hex/Ice        #.....       90%         2    ###....
 Searing Ray              Conj           #.....       90%         2    ###....
 Slow                     Hex            #.......     90%         2    ###....
 Song of Slaying          Chrm           #.......     90%         2    ###....
 Confuse                  Hex            #.......     99%         3    ####...
 Dazzling Spray           Conj/Hex       #.....       99%         3    ####...
 Gell's Gravitas          Tloc           #.........   99%         3    ####...
 Inner Flame              Hex/Fire       #.......     99%         3    ####...
 Portal Projectile        Hex/Tloc       #.....       99%         3    ####...
 Tukima's Dance           Hex            #.......     99%         3    ####...
 Cause Fear               Hex            #.........   100%        4    #####..
 Force Lance              Conj/Tloc      #.......     100%        4    #####..
 Fulminant Prism          Conj/Hex       #.........   100%        4    #####..
 Iskenderun's Mystic Bla  Conj           #.......     100%        4    #####..
 Leda's Liquefaction      Hex/Erth       #.........   100%        4    #####..
 Petrify                  Tmut/Erth      #.......     100%        4    #####..
 Metabolic Englaciation   Hex/Ice        #.........   100%        5    ######.
 Yara's Violent Unravell  Hex/Tmut       #.........   100%        5    ######.
 Darkness                 Hex            #.........   100%        6    #######
 Dispersal                Tloc           #.........   100%        6    #######
 Controlled Blink         Tloc           N/A          100%        8    #######
 Disjunction              Tloc           #.........   100%        8    #######


Dungeon Overview and Level Annotations

Branches:
Dungeon (10/15)            Temple (1/1) D:6            Lair (0/6) D:10
    Orc (2/2) D:10            Elf (0/3) Orc:2

Altars:
Cheibriados
Dithmenos
Elyvilon
Fedhas
Gozag
Hepliaklqana
Kikubaaqudgha
Makhleb
Nemelex Xobeh
Okawaru
Qazlal
Ru
Sif Muna
Uskayaw
Vehumet
Wu Jian
Xom
Yredelemnul
Zin
The Shining One
Beogh


Innate Abilities, Weirdness & Mutations

You reflexively headbutt those who attack you in melee.
You have a pair of horns on your head.
You are partially covered in molten scales. (AC +2)
You can translocate small distances at will.
Your mind is acute. (Int +2)
Your flesh is heat resistant. (rF+)


Message History

The orc knight roars a battlecry!
The orcs go into a battle-frenzy!
You hear a shout!
You blink.
You feel slightly more hungry. 5 orc warriors, an orc knight and an ogre come into view.
An orc warrior is wielding a glaive of flaming.
The orc warrior shouts!
The orc knight shouts!
The orc warrior shouts! x3
The ogre shouts!
You hear a shout!
The orc warrior no longer looks unusually strong.
An orc comes into view. It is wielding a hand axe.
You blink.
You feel slightly more hungry.
The orc shouts!
You hear a shout!
The orc knight unwields an uncursed great mace.
The orc knight wields an arbalest.
The orc knight shoots a bolt.
You reflect the bolt off an invisible shield around you!
The bolt closely misses the orc warrior.
The bolt hits the orc knight!!
The orc warrior hits you but does no damage.
The orc warrior hits you from afar with a glaive.
You die...

.............##
............>#
.##..##..##...#
..........##(.#
≈......O..o#))#
≈≈≈....§.ooo).#
#≈≈≈≈..o.oo#..#
##≈≈≈≈.o.o.#..#
..ooo.o@......#
.ooo....(.....#
##≈≈≈≈.....#..#
#≈≈≈≈......#..#
≈≈≈...........#
≈..........#..
..........##..#
.##..##..## .#


You could see 3 orc knights, 10 orc warriors, an ogre and 3 orcs.

Vanquished Creatures
  A fire dragon (D:10)
  A centaur warrior (D:10)
  4 two-headed ogres
  Psyche (D:8)
  A gargoyle (D:10)
  A komodo dragon (D:10)
  A troll (D:10)
  2 hornets (D:10)
  A vampire (D:10)
  5 yaks (D:10)
  2 wyverns
  A hungry ghost (D:10)
  Duvessa (D:5)
  Menkaure (D:7)
  2 sky beasts
  5 ice beasts
  A black bear (D:9)
  12 orc warriors
  An eye of draining (D:10)
  9 ogres
  2 necrophages (D:10)
  4 phantoms
  7 centaurs
  2 crocodiles
  Blork the orc (D:6)
  4 big kobolds (D:10)
  4 bullfrogs
  Dowan (D:5)
  A scorpion (D:9)
  11 killer bees
  5 wights
  4 howler monkeys
  3 jellies
  7 crimson imps
  A quasit (D:5)
  A centaur zombie (D:9)
  7 hounds
  7 orc wizards
  4 orc priests
  Jessica (D:2)
  3 bullfrog skeletons
  5 iguanas
  9 worker ants
  A hound zombie (D:8)
  2 hound skeletons
  9 gnolls
  A howler monkey skeleton (D:10)
  12 adders
  3 shadow imps
  3 adder skeletons
  2 adder zombies
  5 worms
  2 dart slugs
  9 leopard geckos
  47 orcs
  11 giant cockroaches
  5 goblins
  6 hobgoblins
  20 jackals
  13 kobolds
  7 quokkas
  2 ball pythons
  A ball python zombie (D:4)
  5 bats
  4 frilled lizards
  A jackal zombie (D:6)
  A leopard gecko skeleton (D:4)
  A leopard gecko zombie (D:7)
  2 quokka skeletons (D:5)
  23 rats
345 creatures vanquished.

Notes
Turn   | Place    | Note
-------+----------+-------------------------------------------
     0 | D:1      | Felrender the Minotaur Fighter began the quest for the Orb.
     0 | D:1      | Reached XP level 1. HP: 19/19 MP: 0/0
   103 | D:1      | Reached XP level 2. HP: 25/27 MP: 1/1
   704 | D:1      | Reached XP level 3. HP: 31/33 MP: 2/2
  1028 | D:2      | Reached skill level 3 in Long Blades
  1110 | D:2      | Found an ancient bone altar of Kikubaaqudgha.
  1198 | D:2      | Reached XP level 4. HP: 33/40 MP: 3/3
  1542 | D:2      | Found a radiant altar of Vehumet.
  1558 | D:2      | Noticed Jessica
  1568 | D:2      | Killed Jessica
  1568 | D:2      | Reached skill level 4 in Long Blades
  1922 | D:3      | Reached XP level 5. HP: 23/46 MP: 0/4
  2146 | D:3      | Reached skill level 5 in Long Blades
  2758 | D:3      | Reached XP level 6. HP: 53/53 MP: 5/5
  3594 | D:4      | Reached skill level 6 in Long Blades
  3594 | D:4      | Reached skill level 5 in Armour
  3738 | D:4      | Found a glowing golden altar of the Shining One.
  3768 | D:4      | Found an opulent altar of Gozag.
  3848 | D:4      | Reached skill level 5 in Shields
  3951 | D:4      | Reached XP level 7. HP: 60/60 MP: 6/6
  3960 | D:4      | Reached skill level 7 in Long Blades
  4133 | D:4      | Got a jewelled hat
  4139 | D:4      | Identified the +2 hat "Toic" {rElec} (You found it on level
                  | 4 of the Dungeon)
  4318 | D:4      | Reached skill level 5 in Fighting
  4338 | D:5      | Entered Level 5 of the Dungeon
  4439 | D:5      | Reached skill level 8 in Long Blades
  4465 | D:5      | Noticed Dowan
  4467 | D:5      | Noticed Duvessa
  4486 | D:5      | Killed Duvessa
  4486 | D:5      | Reached XP level 8. HP: 68/68 MP: 7/7
  4488 | D:5      | Killed Dowan
  4488 | D:5      | Reached skill level 9 in Long Blades
  4506 | D:5      | Gained mutation: Your flesh is heat resistant. (rF+)
                  | [potion of mutation]
  4506 | D:5      | Gained mutation: You are partially covered in molten
                  | scales. (AC +2) [potion of mutation]
  4506 | D:5      | Gained mutation: You have sharp toenails. [potion of
                  | mutation]
  4506 | D:5      | Gained mutation: Your mind is acute. (Int +2) [potion of
                  | mutation]
  4507 | D:5      | Lost mutation: You have sharp toenails. [potion of
                  | mutation]
  4507 | D:5      | Lost mutation: Your mind is acute. (Int +2) [potion of
                  | mutation]
  4507 | D:5      | Gained mutation: You can translocate small distances at
                  | will. [potion of mutation]
  4507 | D:5      | Gained mutation: Your mind is acute. (Int +2) [potion of
                  | mutation]
  5208 | D:6      | Reached skill level 10 in Long Blades
  5328 | D:6      | Reached skill level 1 in Dodging
  5543 | D:6      | Found a staircase to the Ecumenical Temple.
  5566 | Temple   | Entered the Ecumenical Temple
  5995 | D:6      | Noticed Blork the orc
  6006 | D:6      | Killed Blork the orc
  6068 | D:7      | Identified a scroll of acquirement
  6094 | D:7      | Reached skill level 11 in Long Blades
  6144 | D:7      | Noticed Menkaure
  6149 | D:7      | Killed Menkaure
  6149 | D:7      | Reached XP level 9. HP: 63/75 MP: 6/8
  7087 | D:7      | Reached skill level 12 in Long Blades
  7168 | D:8      | Found a deep blue altar of Sif Muna.
  7231 | D:8      | Noticed a two-headed ogre
  7240 | D:8      | Killed a two-headed ogre
  7240 | D:8      | Reached skill level 13 in Long Blades
  7583 | D:8      | Got a dazzling ring mail
  7682 | D:8      | Noticed Psyche
  7688 | D:8      | Killed Psyche
  7688 | D:8      | Reached XP level 10. HP: 84/84 MP: 9/9
  7785 | D:8      | Found an ornate altar of the Wu Jian Council.
  7961 | D:9      | Found a basalt altar of Yredelemnul.
  8074 | D:9      | Found a hide-covered altar of Uskayaw.
  8077 | D:9      | Identified the +1 ring mail of Alis Damp {+Blink rC- MR+}
                  | (You found it on level 8 of the Dungeon)
  8190 | D:9      | Reached skill level 14 in Long Blades
  8259 | D:9      | Found a shadowy altar of Dithmenos.
  8264 | D:9      | Got a pearl-encrusted chain mail
  8372 | D:9      | Found an iron altar of Okawaru.
  8462 | D:9      | Became a worshipper of Warmaster Okawaru
  8537 | D:9      | Found a hazy altar of Hepliaklqana.
  8631 | D:10     | Entered Level 10 of the Dungeon
  8642 | D:10     | Noticed a two-headed ogre
  8667 | D:10     | Killed a two-headed ogre
  8667 | D:10     | Reached * piety under Okawaru
  8702 | D:10     | Noticed a two-headed ogre
  8715 | D:10     | Killed a two-headed ogre
  8715 | D:10     | Reached skill level 15 in Long Blades
  8956 | D:10     | Reached XP level 11. HP: 92/92 MP: 10/10
  9104 | D:10     | Noticed a two-headed ogre
  9116 | D:10     | Killed a two-headed ogre
  9116 | D:10     | Reached ** piety under Okawaru
  9117 | D:10     | Noticed a fire dragon
  9160 | D:10     | Killed a fire dragon
  9160 | D:10     | Reached *** piety under Okawaru
  9317 | D:10     | Found a glowing golden altar of the Shining One.
  9318 | D:10     | Noticed a centaur warrior
  9332 | D:10     | Killed a centaur warrior
  9332 | D:10     | Reached skill level 16 in Long Blades
  9495 | D:10     | Identified the Papyrus of Talismans and Beguiling
  9570 | D:10     | Reached skill level 10 in Shields
  9597 | D:10     | Reached **** piety under Okawaru
 10102 | D:10     | Found a staircase to the Lair.
 10143 | D:10     | Identified the +8 chain mail "Hohief" {rElec rPois Int+2}
                  | (You found it on level 9 of the Dungeon)
 10371 | D:10     | Found a staircase to the Orcish Mines.
 10377 | Orc:1    | Entered Level 1 of the Orcish Mines
 10574 | Orc:2    | Entered Level 2 of the Orcish Mines
 10574 | Orc:2    | Found a roughly hewn altar of Beogh.
 10574 | Orc:2    | Found a staircase to the Elven Halls.
 10592 | Orc:2    | Noticed an orc knight
 10606 | Orc:2    | Noticed an orc knight
 10615 | Orc:2    | Noticed an orc knight
 10616 | Orc:2    | Slain by an orc warrior

Vault maps used:
D:1:      dpeg_arrival_tiny_k
D:2:      minmay_roachtagon, lemuel_zombie_altar_kikubaaqudgha,
          vehumet_crystals, nicolae_overflow_hidden_temple, uniq_jessica
D:3:      first_ration
D:4:      kennysheep_little_box, tso_oasis_becter, minmay_rat_hole
D:5:      uniq_duvessa
D:6:      kennysheep_six_static_rooms, minmay_temple_entry_overgrown,
          uniq_blork_the_orc
D:7:      uniq_menkaure
D:8:      lemuel_round_altar, lemuel_crystal_altar, uniq_psyche
D:9:      lemuel_doored_altar, kennysheep_mini,
          nicolae_dithmenos_through_a_glass_darkly,
          nicolae_overflow_crystal_walls, basic_altar
D:10:     hangedman_cross_cluster, kennysheep_orc_monster_closet_entryway,
          blue_anna_alchemist, minmay_misc_feat_chi
Temple:   dpeg_chambers_temple
Orc:2:    st_orc_rangers, basic_altar

Skill      XL: |  1  2  3  4  5  6  7  8  9 10 11 |
---------------+----------------------------------+-----
Armour         | 4 5 6 7 8 |  8.7
Shields        | 4 5 6 7 9 10 | 10.5
Fighting       | 4 5 6 7 8 |  8.5
Long Blades    | 3 4 5 6 8 11 13 15 16 | 16.5
Dodging        | 1 2 |  2.2
Stealth        | |  0.6
Invocations    | |  0.3

Action                   |  1- 3 |  4- 6 |  7- 9 | 10-12 || total
-------------------------+-------+-------+-------+-------++-------
Melee: Long sword        |   123 |   248 |   220 |       ||   591
       Headbutt          |    17 |    36 |    53 |    62 ||   168
       Double sword      |       |       |    97 |   311 ||   408
Invok: Heroism           |       |       |       |     6 ||     6
 Abil: Blink             |       |       |       |     2 ||     2
  Use: Scroll            |     5 |    10 |    14 |     7 ||    36
       Potion            |       |     2 |     4 |     8 ||    14
  Eat: Chunk             |     1 |     7 |     8 |     7 ||    23
       Ration            |       |     1 |     1 |     1 ||     3
Armor: Scale mail        |    12 |       |       |       ||    12
       Plate armour      |    55 |   133 |   158 |    68 ||   414
       Fire dragon scale |       |       |       |    41 ||    41
       Chain mail        |       |       |       |     9 ||     9
Dodge: Dodged            |    39 |    33 |    73 |    80 ||   225
Block: Shield            |    67 |   142 |   154 |   257 ||   620
       Reflection        |       |       |       |    12 ||    12
       Rpst.: Long sword |     7 |     7 |    12 |       ||    26
       Double sword      |       |       |     5 |    28 ||    33

Table legend:
 A = Non-vault XP
 B = Vault XP
 C = Vault XP percentage of total XP
 D = Non-vault monster count
 E = Vault monster count
 F = Vault count percentage of total count
                 A         B        C        D         E       F
            +---------+---------+-------+---------+---------+-------
      Total |   11994 |    8402 |  41.2 |     256 |      89 |  25.8
            +---------+---------+-------+---------+---------+-------
        D:1 |      45 |       0 |   0.0 |      24 |       0 |   0.0
        D:2 |      57 |      53 |  48.2 |      22 |       9 |  29.0
        D:3 |     278 |       0 |   0.0 |      47 |       0 |   0.0
        D:4 |     696 |      20 |   2.8 |      17 |      19 |  52.8
        D:5 |     634 |     238 |  27.3 |      32 |       2 |   5.9
        D:6 |     267 |     366 |  57.8 |      10 |       5 |  33.3
        D:7 |    1302 |     154 |  10.6 |      34 |       1 |   2.9
        D:8 |    1226 |     448 |  26.8 |      10 |       1 |   9.1
        D:9 |    1720 |       0 |   0.0 |      30 |       0 |   0.0
       D:10 |    5533 |    6015 |  52.1 |      28 |      42 |  60.0
      Orc:1 |     236 |       0 |   0.0 |       2 |       0 |   0.0
      Orc:2 |       0 |    1108 | 100.0 |       0 |      10 | 100.0
            +---------+---------+-------+---------+---------+-------
